 Dungeon Crawl Stone Soup version 0.31-a0-949-g57150269e1 (webtiles) character file.

Game seed: 13873486805142655914

1431 mattiecakes the Fighter (level 8, -6/60 HPs)
             Began as a Gargoyle Fighter on Oct 22, 2023.
             Was a Follower of Okawaru.
             Mangled by a two-headed ogre
             ... wielding a +0 giant spiked club
              (9 damage)
             ... on level 6 of the Dungeon.
             The game lasted 00:16:59 (4306 turns).

mattiecakes the Fighter (Gargoyle Fighter)          Turns: 4306, Time: 00:17:00

Health: -6/60      AC: 15    Str: 22    XL:     8   Next: 73%
Magic:  8/8        EV:  8    Int:  9    God:    Okawaru [*.....]
Gold:   236        SH:  4    Dex:  9    Spells: 7/7 levels left

rFire   + . .        d - +1 flail (venom)
rCold   + . .        c - +0 buckler
rNeg    + . .        l - +0 chain mail
rPois   ∞            o - +0 hat
rElec   +            (no cloak)
rCorr   +            (no gloves)
SInv    .            (no boots)
Will    .....        (no amulet) Stlth
                     (no ring)
HPRegen 0.30/turn    (no ring)
MPRegen 0.11/turn

%: clarity
@: resistant, studying Unarmed Combat
A: sickness immunity, AC +5, negative energy resistance 1, electricity
resistance, torment resistance 1, petrification resistance, clarity, shaggy fur
1
a: Renounce Religion, Heroism


You were on level 6 of the Dungeon.
You worshipped Okawaru.
Okawaru was aware of your devotion.
You visited 2 branches of the dungeon, and saw 7 of its levels.

You collected 236 gold pieces.

Inventory:

Hand Weapons
 a - a +0 flail
 d - a +1 flail of venom (weapon)
Armour
 b - a +0 scale mail
 c - a +0 buckler (worn)
 l - a +0 chain mail (worn)
 o - a +0 hat (worn)
Wands
 s - a wand of paralysis (9)
Scrolls
 f - 3 scrolls of fog {unknown}
 g - a scroll of blinking {unknown}
 h - 2 scrolls of poison {unknown}
 m - a scroll of immolation {unknown}
 n - 2 scrolls of noise {unknown}
 p - 4 scrolls of teleportation {unknown}
 q - 4 scrolls of identify {unknown}
Potions
 e - 2 potions of heal wounds
 i - 4 potions of curing
 j - a potion of resistance
 k - 2 potions of degeneration {unknown}
 r - a potion of lignification {unknown}


   Skills:
 + Level 11.9 Fighting
 - Level 2.0 Maces & Flails
 - Level 3.2 Armour
 - Level 3.2 Shields


You had 7 spell levels left.
You didn't know any spells.
Your spell library contained the following spells:

 Spells                   Type           Power      Damage    Failure   Level
 Ozocubu's Armour         Ice            0%         N/A       100%        3
 Manifold Assault         Tloc           0%         N/A       100%        4
 Metabolic Englaciation   Hex/Ice        0%         N/A       100%        5
 Dispersal                Tloc           0%         N/A       100%        6
 Disjunction              Tloc           0%         N/A       100%        8
 Summon Small Mammal      Summ           Unusable   N/A       N/A         1
 Call Canine Familiar     Summ           Unusable   N/A       N/A         3
 Summon Guardian Golem    Hex/Summ       Unusable   N/A       N/A         3
 Simulacrum               Ice/Necr       Unusable   N/A       N/A         6

Dungeon Overview and Level Annotations

Branches:
Dungeon (6/15)             Temple (1/1) D:4

Altars:
Ashenzari
Dithmenos
Elyvilon
Gozag
Makhleb
Nemelex Xobeh
Okawaru
Ru
Sif Muna
Trog
Uskayaw
Vehumet
Wu Jian
Xom
Yredelemnul
Zin

Annotations:
D:3 2 runed translucent doors


Innate Abilities, Weirdness & Mutations

You are immune to sickness and miasma.
Your stone body is resilient. (AC +5)
You are immune to poison.
You resist negative energy. (rN+)
You are resistant to electric shocks. (rElec)
You are resistant to unholy torment.
You are immune to petrification.
You possess an exceptional clarity of mind.
You are covered in fur. (AC +1)


Message History

No target in view!
No target in view!
No target in view!
No target in view!
You see here an adder corpse.
An iguana comes into view.
The iguana hisses angrily.
You hear two shouts!
The iguana moves out of view.
A two-headed ogre comes into view.
It is wielding a +0 giant spiked club and a +0 giant club.
A two-headed ogre is nearby!
A two-headed ogre is nearby!
A two-headed ogre is nearby!
It was a potion of curing.
You feel better.
It was a potion of resistance.
You feel protected.
The two-headed ogre hits you with a +0 giant spiked club.
You block the two-headed ogre's attack. The iguana bites you.
You closely miss the iguana. The iguana bites you!
The two-headed ogre barely misses you.
The two-headed ogre hits you but does no damage.
You hit the iguana.
The iguana is poisoned.
The iguana is moderately wounded.
The iguana bites you but does no damage.
You sock the iguana!
The iguana looks as sick as possible!
The iguana is almost dead.
You kill the iguana!
Okawaru accepts your kill.
The two-headed ogre hits you with a +0 giant spiked club!!
The two-headed ogre closely misses you.
You hit the two-headed ogre but do no damage.
The two-headed ogre is poisoned.
The two-headed ogre hits you with a +0 giant spiked club!
* * * LOW HITPOINT WARNING * * *
The two-headed ogre hits you but does no damage.
You sock the two-headed ogre!
The two-headed ogre looks even sicker.
The two-headed ogre is moderately wounded.
The two-headed ogre hits you with a +0 giant spiked club!
* * * LOW HITPOINT WARNING * * *
The two-headed ogre hits you with a +0 giant club!
You die...

###############
#..............
#....O@..#
#..####..#####.##
# #.............
#. #.##..#####.#.
#..#..#..#####
#.....†........
#####.########.
#.# #####.###


You could see a two-headed ogre (very poisoned).

Vanquished Creatures
  Grinder (D:3)
  Sigmund (D:6)
  A water moccasin (D:5)
  An ice beast (D:6)
  A sky beast (D:6)
  An ogre (D:6)
  3 scorpions
  A jelly (D:5)
  3 hounds
  A sleepcap (D:4)
  Jessica (D:3)
  2 iguanas
  An orc wizard (D:6)
  Terence (D:3)
  3 gnolls (D:4)
  11 adders
  2 worms (D:3)
  2 dart slugs
  10 orcs
  3 ball pythons
  6 bats
  6 endoplasms
  16 giant cockroaches
  6 goblins
  10 hobgoblins
  2 jackals (D:4)
  5 quokkas
  4 frilled lizards (D:1)
  6 kobolds
  5 rats
116 creatures vanquished.

Notes
Turn   | Place    | Note
-------+----------+-------------------------------------------
     0 | D:1      | mattiecakes the Gargoyle Fighter began the quest for the
                  | Orb.
     0 | D:1      | Reached XP level 1. HP: 14/14 MP: 1/1
   183 | D:1      | Reached XP level 2. HP: 20/20 MP: 2/2
   205 | D:1      | Reached skill level 4 in Fighting
   676 | D:1      | Reached XP level 3. HP: 24/24 MP: 3/3
  1010 | D:2      | Reached skill level 5 in Fighting
  1280 | D:2      | Reached XP level 4. HP: 31/31 MP: 4/4
  1549 | D:3      | Noticed Terence
  1559 | D:3      | Killed Terence
  1603 | D:3      | Reached skill level 6 in Fighting
  1650 | D:3      | Reached XP level 5. HP: 30/36 MP: 5/5
  1725 | D:3      | Noticed Jessica
  1732 | D:3      | Killed Jessica
  2025 | D:3      | Reached skill level 7 in Fighting
  2025 | D:3      | Reached XP level 6. HP: 39/44 MP: 6/6
  2181 | D:3      | Noticed Grinder
  2197 | D:3      | Paralysed by Grinder for 3 turns
  2203 | D:3      | Paralysed by Grinder for 4 turns
  2208 | D:3      | Gained mutation: You possess an exceptional clarity of
                  | mind. [potion of mutation]
  2208 | D:3      | Gained mutation: You are covered in fur. (AC +1) [potion of
                  | mutation]
  2210 | D:3      | Paralysed by Grinder for 4 turns
  2220 | D:3      | Paralysed by Grinder for 4 turns
  2227 | D:3      | Killed Grinder
  2228 | D:3      | Reached skill level 8 in Fighting
  2239 | D:3      | Found a runed translucent gate.
  2239 | D:3      | Found a runed translucent gate.
  2292 | D:4      | Reached XP level 7. HP: 50/50 MP: 7/7
  2333 | D:4      | Found a staircase to the Ecumenical Temple.
  2346 | Temple   | Entered the Ecumenical Temple
  2360 | Temple   | Became a worshipper of Warmaster Okawaru
  2651 | D:4      | Found a hide-covered altar of Uskayaw.
  2915 | D:5      | Entered Level 5 of the Dungeon
  2949 | D:5      | Reached skill level 9 in Fighting
  3302 | D:5      | Reached skill level 10 in Fighting
  3378 | D:5      | Reached XP level 8. HP: 46/57 MP: 8/8
  3854 | D:6      | Noticed Sigmund
  3862 | D:6      | Killed Sigmund
  3862 | D:6      | Reached * piety under Okawaru
  3903 | D:6      | Reached skill level 11 in Fighting
  4297 | D:6      | Noticed a two-headed ogre
  4306 | D:6      | HP: 3/60 [two-headed ogre/+0 giant spiked club (14)]
  4306 | D:6      | Mangled by a two-headed ogre

Illustrated notes

Levels and vault maps discovered:
D:1:      dpeg_chamrin_arrival_tetris, layout_loops_ring
D:2:      minmay_roachtagon, layout_loops_ring, serial_glass, glass_columns_a,
          glass_columns_b, feat_on_display, due_unseen_surprise
D:3:      layout_loops_ring, gammafunk_ghost_cemetery, minmay_close_crescents,
          uniq_jessica, uniq_grinder, uniq_terence
D:4:      layout_rooms, nicolae_uskayaw_dance_hall, temple_hall,
          kennysheep_decorative_pillar, corexii_checkpoint_a
D:5:      layout_rooms, minmay_misc_feat_secret_circle
D:6:      layout_loops_cross, kennysheep_mini, minmay_overflow_temple_star_quad,
          uniq_sigmund
Temple:   nicolae_temple_no_exploring_needed

Skill      XL: |  1  2  3  4  5  6  7  8 |
---------------+-------------------------+-----
Fighting       | 4 5 6 7 8 10 11 | 11.9
Maces & Flails | |  2.0
Armour         | |  3.2
Shields        | |  3.2

Action                     |  1- 3 |  4- 6 |  7- 9 || total
---------------------------+-------+-------+-------++-------
  Melee: Flail             |   139 |   124 |   150 ||   413
    Use: Potion            |       |     4 |     2 ||     6
 Armour: Scale mail        |   128 |    18 |       ||   146
         Chain mail        |       |    75 |   147 ||   222
  Dodge: Dodged            |    92 |    58 |    74 ||   224
  Block: Buckler           |    39 |    30 |    33 ||   102

Table legend: (Time is in decaauts)
 A = Elapsed time spent in this place.
 B = Non-inter-level travel time spent in this place.
 C = Inter-level travel time spent in this place.
 D = Time resting spent in this place.
 E = Time spent auto-exploring this place.
 F = Levels seen in this place.
 G = Mean time per level.
                   A        B        C        D        E       F      G
               +--------+--------+--------+--------+--------+-----+--------+
         Total |   4446 |   4231 |    215 |    401 |   2868 |   7 |  635.1 |
       Dungeon |   4422 |   4219 |    203 |    401 |   2868 |   6 |  737.0 |
        Temple |     23 |     11 |     12 |      0 |      0 |   1 |   23.0 |
               +--------+--------+--------+--------+--------+-----+--------+

Top non-repeatable levels by time:
     D:5: 941 daAuts
     D:3: 788 daAuts
     D:1: 783 daAuts
     D:2: 758 daAuts
     D:4: 665 daAuts
     D:6: 485 daAuts
  Temple: 23 daAuts
